Selects Australian Defense Battlegroup
Selects Australian Light Infantry Section
Australian Light Infantry Section
Construct Section Command Post
Australian Light Infantry Section
Australian Light Infantry Section
Construct Platoon Command Post
Selects 2-pounder Anti-tank Gun Team
2-pounder Anti-tank Gun Team
Unlock M3 Stuart Light Tanks
Construct Field Infirmary
Selects Vehicle Over Repair
Unlock Bishop Self-propelled Artillery
Bishop Self-propelled Artillery
Selects CMP 15cwt Supply Run
Bishop Self-propelled Artillery
Australian Light Infantry Section
Construct Company Command Post
6-pounder Anti-tank Gun Team
Selects Artillery Trip Wire Flares
Selects Archer Tank Destroyer
Australian Light Infantry Section
Australian Light Infantry Section